 Dungeon Crawl Stone Soup version 0.29-a0-542-g075992c915 (webtiles) character file.

Game seed: 13356199988733230344

184 YayAnonymity the Slasher (level 5, -2/42 HPs)
             Began as a Barachi Fighter on June 5, 2022.
             Slain by an adder (3 damage)
             ... on level 2 of the Dungeon.
             The game lasted 00:02:55 (2667 turns).

YayAnonymity the Slasher (Barachi Fighter)          Turns: 2667, Time: 00:02:56

Health: -2/42      AC:  7    Str: 18 (20) XL:     5   Next: 63%
Magic:  5/5        EV:  4    Int:  7 (8)  God:
Gold:   79         SH:  8    Dex:  8 (11) Spells: 4/4 levels left

rFire   . . .      SeeInvis .   a - +0 long sword
rCold   . . .      Faith    .   i - +0 kite shield
rNeg    . . .      Spirit   .   b - +0 scale mail
rPois   .          Reflect  .   (no helmet)
rElec   .          Harm     .   (no cloak)
rCorr   .          Rampage  .   (no gloves)
Will    .....                   (no boots)
Stlth   ..........              (no amulet)
HPRegen 0.14/turn               (no ring)
MPRegen 0.09/turn               (no ring)

@: mighty, constricted, slow
A: amphibious, slowness 1, strong legs 1, +LOS
a: Hop


You were on level 2 of the Dungeon.
You visited 1 branch of the dungeon, and saw 3 of its levels.

You collected 79 gold pieces.

Inventory:

Hand Weapons
 a - a +0 long sword (weapon)
Missiles
 k - 6 poisoned darts
Armour
 b - a +0 scale mail (worn)
 i - a +0 kite shield (worn)
Scrolls
 c - 2 scrolls of fog {unknown}
 e - a scroll of enchant weapon {unknown}
 f - 2 scrolls of identify {unknown}
 g - a scroll of enchant armour {unknown}
 h - a scroll of silence {unknown}
 l - 2 scrolls of blinking {unknown}
 m - a scroll of amnesia {unknown}
 o - a scroll of torment {unknown}
Potions
 n - a potion of curing {unknown}


   Skills:
 - Level 4.0 Fighting
 * Level 5.9 Long Blades
 - Level 4.0 Armour
 - Level 4.0 Shields


You had 4 spell levels left.
You didn't know any spells.
Your spell library was empty.

Dungeon Overview and Level Annotations

Branches:
Dungeon (3/15)

Altars:


Innate Abilities, Weirdness & Mutations

You are amphibious.
You cover ground slowly.
You can hop short distances.
You have an extended range of vision and can be seen from far away.


Message History

The ball python constricts you. The adder bites you but does no damage.
The ball python bites you but does no damage.
The ball python constricts you.
You barely miss the adder.
The adder is lightly wounded.
You feel sick. The adder bites you but does no damage.
You block the ball python's attack. The ball python constricts you.
You block the adder's attack. The ball python bites you.
* * * LOW HITPOINT WARNING * * *
The ball python constricts you.
You miss the adder.
The adder is lightly wounded.
You feel sick. The adder bites you but does no damage.
You block the ball python's attack. The ball python constricts you.
You feel very mighty all of a sudden.
You feel sick. The adder completely misses you.
You block the ball python's attack. The ball python constricts you.
The adder bites you.
* * * LOW HITPOINT WARNING * * *
You hit the adder.
The adder is severely wounded.
You feel sick.
You are no longer poisoned.
You block the ball python's attack. The ball python constricts you.
The adder bites you.
* * * LOW HITPOINT WARNING * * *
You block the ball python's attack. The ball python constricts you.
You closely miss the adder.
The adder is severely wounded.
The adder bites you but does no damage.
The ball python bites you but does no damage.
The ball python constricts you.
* * * LOW HITPOINT WARNING * * *
You block the adder's attack.
It was a potion of degeneration.
There was something very wrong with that liquid.
You feel weakened.
You feel dopey.
You feel clumsy. You block the ball python's attack.
The ball python constricts you. The adder bites you.
You die...

###.....#.####.####.######
.........................#
.##.....#.####.####.##...###
.###........##.# #........#####
.# #..#.###.##.####............#
.###....# #................###.#
..###.#.###.##.####..#...### #.#
#.# #.#.....##.####..#...# #.#
#.# #.###<.....S@S.[.#...#####.#
#.###)# ######.#####.#.>.##....#
......# #.#####........#..#
#.....########................##
####......†<†...##.#.......#..#
##.#..........#...#...###..#
#.#.##.#####.##.##...# #..#
#.#.##.#####.##.####.# #..#
#.............#.# ##.###..#


You could see an adder and a ball python.

Vanquished Creatures
  A jelly (D:2)
  Jessica (D:2)
  3 adders (D:2)
  4 gnolls (D:2)
  A worm (D:2)
  2 dart slugs
  11 ball pythons
  4 bats
  5 endoplasms
  A giant cockroach (D:2)
  3 goblins
  5 hobgoblins
  2 quokkas
  2 frilled lizards
  6 kobolds
  11 rats
62 creatures vanquished.

Notes
Turn   | Place    | Note
-------+----------+-------------------------------------------
     0 | D:1      | YayAnonymity the Barachi Fighter began the quest for the
                  | Orb.
     0 | D:1      | Reached XP level 1. HP: 18/18 MP: 1/1
   357 | D:1      | Reached XP level 2. HP: 25/25 MP: 2/2
   454 | D:1      | Reached skill level 3 in Long Blades
   762 | D:1      | Reached XP level 3. HP: 30/30 MP: 3/3
   799 | D:1      | Found a faded altar of an unknown god.
  1531 | D:2      | Noticed Jessica
  1541 | D:2      | Killed Jessica
  1542 | D:2      | Reached skill level 4 in Long Blades
  1542 | D:2      | Reached XP level 4. HP: 30/34 MP: 4/4
  1920 | D:2      | Reached skill level 5 in Long Blades
  1927 | D:2      | Reached XP level 5. HP: 17/42 MP: 5/5
  2665 | D:2      | HP: 1/42 [adder (2)]
  2667 | D:2      | Slain by an adder

Illustrated notes

Levels and vault maps discovered:
D:1:      minmay_arrival_wavy_path, layout_basic,
          dreamdust_ecumenical_altar_angels_and_demons, hangedman_decor_opposing
D:2:      layout_loops_ring, kennysheep_generic_room_5, uniq_jessica
D:3:      kennysheep_goblin_castle, layout_rooms, serial_shops, shop,
          shop_fountains, shop, grunt_ministairs_11

Skill      XL: |  1  2  3  4 |
---------------+-------------+-----
Long Blades    | 3 4 5 |  5.9
Armour         | 4 |  4.0
Fighting       | 4 |  4.0
Shields        | 4 |  4.0

Action                   |  1- 3 |  4- 6 || total
-------------------------+-------+-------++-------
Melee: Long sword        |   109 |    95 ||   204
  Use: Potion            |       |     2 ||     2
Armor: Scale mail        |    54 |    48 ||   102
Dodge: Dodged            |    33 |    44 ||    77
Block: Buckler           |     8 |       ||     8
       Kite shield       |    26 |    62 ||    88

Table legend: (Time is in decaauts)
 A = Elapsed time spent in this place.
 B = Non-inter-level travel time spent in this place.
 C = Inter-level travel time spent in this place.
 D = Time resting spent in this place.
 E = Time spent auto-exploring this place.
 F = Levels seen in this place.
 G = Mean time per level.
                   A        B        C        D        E       F      G
               +--------+--------+--------+--------+--------+-----+--------+
         Total |   2949 |   2851 |     98 |    596 |   1766 |   3 |  983.0 |
       Dungeon |   2949 |   2851 |     98 |    596 |   1766 |   3 |  983.0 |
               +--------+--------+--------+--------+--------+-----+--------+

Top non-repeatable levels by time:
     D:2: 1715 daAuts
     D:1: 1229 daAuts
     D:3: 4 daAuts
